3AA
ASHEVILLE HIGHLANDERS @ BELVEDERE PARK RAWHIDES
09/13/2034
 
TOP OF THE 1ST
Asheville Highlanders batting - Pitching for Belvedere Park Rawhides : RHP Santiago Ramírez
Pitching: RHP Santiago Ramírez
Batting: LHB King Rutledge 0-0: Swinging Strike
0-1: Ball
1-1: Ball
2-1: Ground out 3-1 (Groundball, 34)
Batting: RHB Javier Cordero 0-0: Called Strike
0-1: Foul Ball, location: 2F
0-2: Ball
1-2: Ball
2-2: Foul Ball, location: 2F
2-2: Ground out U3 (Groundball, 34S)
Batting: LHB DeMarvion Overshown 0-0: Called Strike
0-1: Ball
1-1: Foul Ball, location: 2F
1-2: Foul Ball, location: 2F
1-2: Ball
2-2: SINGLE (Flyball, 3D)
Batting: LHB Johnny Carter 0-0: Fly out, F8 (Line Drive, 8RD)
Top of the 1st over - 0 runs, 1 hit, 0 errors, 1 left on base; Asheville 0 - Belvedere Park 0
BOTTOM OF THE 1ST
Belvedere Park Rawhides batting - Pitching for Asheville Highlanders : RHP Ernesto López
Pitching: RHP Ernesto López
Batting: SHB José Pinto 0-0: SINGLE (Line Drive, 78S)
Batting: LHB Ken Gill 0-0: Ball
1-0: Ball
José Pinto steals 2nd base
2-0: Called Strike
2-1: Ground out 3-1 (Groundball, 34)
José Pinto to third
Batting: RHB Min-gook Ch'oe 0-0: Ball
1-0: Called Strike
1-1: Ball
2-1: Foul Ball, location: 2F
2-2: Strikes out swinging
Batting: RHB Domingo Trujillo 0-0: Ball
1-0: Ball
2-0: Ball
3-0: Called Strike
3-1: Fly out, F3 (Popup, 3F)
Bottom of the 1st over - 0 runs, 1 hit, 0 errors, 1 left on base; Asheville 0 - Belvedere Park 0
TOP OF THE 2ND
Asheville Highlanders batting - Pitching for Belvedere Park Rawhides : RHP Santiago Ramírez
Batting: RHB Tae-gyoon Ch'oe 0-0: Ball
1-0: Fly out, F9 (Line Drive, 89M)
Batting: RHB Yoshihiro Iwasaki 0-0: Ball
1-0: Ground out 5-3 (Groundball, 5)
Batting: SHB Jeff Lowe 0-0: Swinging Strike
0-1: Ball
1-1: Swinging Strike
1-2: Foul Ball, location: 2F
1-2: Ball
2-2: Fly out, F9 (Flyball, 9)
Top of the 2nd over - 0 runs, 0 hits, 0 errors, 0 left on base; Asheville 0 - Belvedere Park 0
BOTTOM OF THE 2ND
Belvedere Park Rawhides batting - Pitching for Asheville Highlanders : RHP Ernesto López
Batting: RHB Pat Lloyd 0-0: Ground out 6-3 (Groundball, 6S)
Batting: RHB Hang-ki Chung 0-0: Fly out, F4 (Popup, 4M)
Batting: RHB Pat Sizemore 0-0: Ball
1-0: SINGLE (Groundball, 25) (infield hit)
Batting: RHB Mike Printup 0-0: Called Strike
0-1: Ball
Pat Sizemore steals 2nd base
1-1: Ball
2-1: Reached via error on a dropped throw, E3
Pat Sizemore to third
Batting: LHB Connor Petty 0-0: Called Strike
0-1: Ball
1-1: Ball
2-1: Fielders Choice at 2nd, 6-4 (Groundball, 6)
Bottom of the 2nd over - 0 runs, 1 hit, 1 error, 2 left on base; Asheville 0 - Belvedere Park 0
TOP OF THE 3RD
Asheville Highlanders batting - Pitching for Belvedere Park Rawhides : RHP Santiago Ramírez
Batting: RHB Shane Seim 0-0: Ground out 5-3 (Groundball, 56)
Batting: RHB José Palma 0-0: Foul Ball, location: 2F
0-1: Swinging Strike
0-2: Strikes out swinging
Batting: LHB King Rutledge 0-0: Foul Ball, location: 2F
0-1: Ball
1-1: Ball
2-1: Foul Ball, location: 2F
2-2: Strikes out swinging
Top of the 3rd over - 0 runs, 0 hits, 0 errors, 0 left on base; Asheville 0 - Belvedere Park 0
BOTTOM OF THE 3RD
Belvedere Park Rawhides batting - Pitching for Asheville Highlanders : RHP Ernesto López
Batting: SHB José Pinto 0-0: Called Strike
0-1: Swinging Strike
0-2: Fly out, F3 (Line Drive, 34)
Batting: LHB Ken Gill 0-0: Ball
1-0: Ball
2-0: Called Strike
2-1: Ball
3-1: Base on Balls
Batting: RHB Min-gook Ch'oe 0-0: Ball
1-0: Grounds into double play, 4-6-3 (Groundball, 4D)
Bottom of the 3rd over - 0 runs, 0 hits, 0 errors, 0 left on base; Asheville 0 - Belvedere Park 0
TOP OF THE 4TH
Asheville Highlanders batting - Pitching for Belvedere Park Rawhides : RHP Santiago Ramírez
Batting: RHB Javier Cordero 0-0: Called Strike
0-1: SOLO HOME RUN (Line Drive, 9LD), Distance : 352 ft
Batting: LHB DeMarvion Overshown 0-0: Foul Ball, location: 2F
0-1: Ball
1-1: Swinging Strike
1-2: Strikes out swinging
Batting: LHB Johnny Carter 0-0: Foul Ball, location: 2F
0-1: Ball
1-1: Swinging Strike
1-2: Ball
2-2: Fly out, F7 (Flyball, 7LSF)
Batting: RHB Tae-gyoon Ch'oe 0-0: Fly out, F7 (Flyball, 7D)
Top of the 4th over - 1 run, 1 hit, 0 errors, 0 left on base; Asheville 1 - Belvedere Park 0
BOTTOM OF THE 4TH
Belvedere Park Rawhides batting - Pitching for Asheville Highlanders : RHP Ernesto López
Batting: RHB Domingo Trujillo 0-0: Ball
1-0: SINGLE (Groundball, 56D)
Batting: RHB Pat Lloyd 0-0: Called Strike
0-1: Called Strike
0-2: Strikes out swinging
Batting: RHB Hang-ki Chung 0-0: Fly out, F9 (Flyball, 9D)
Batting: RHB Pat Sizemore 0-0: Ball
1-0: Called Strike
1-1: 2-RUN HOME RUN (Flyball, 9LD), Distance : 337 ft
Batting: RHB Mike Printup 0-0: Foul Ball, location: 2F
0-1: Ball
1-1: Ball
2-1: Swinging Strike
2-2: Foul Ball, location: 2F
2-2: Ground out 6-3 (Groundball, 56)
Bottom of the 4th over - 2 runs, 2 hits, 0 errors, 0 left on base; Asheville 1 - Belvedere Park 2
TOP OF THE 5TH
Asheville Highlanders batting - Pitching for Belvedere Park Rawhides : RHP Santiago Ramírez
Batting: RHB Yoshihiro Iwasaki 0-0: Ball
1-0: SOLO HOME RUN (Flyball, 7LD), Distance : 379 ft
Batting: SHB Jeff Lowe 0-0: Called Strike
0-1: Ball
1-1: Foul Ball, location: 2F
1-2: Ball
2-2: Strikes out swinging
Batting: RHB Shane Seim 0-0: Ball
1-0: Ball
2-0: Foul Ball, location: 2F
2-1: Ball
3-1: Foul Ball, location: 2F
3-2: Base on Balls
Batting: RHB José Palma 0-0: Called Strike
0-1: Foul Ball, location: 2F
0-2: Foul Ball, location: 2F
0-2: Strikes out swinging
Batting: LHB King Rutledge 0-0: Foul Ball, location: 2F
0-1: Foul Ball, location: 2F
0-2: Strikes out swinging
Top of the 5th over - 1 run, 1 hit, 0 errors, 1 left on base; Asheville 2 - Belvedere Park 2
BOTTOM OF THE 5TH
Belvedere Park Rawhides batting - Pitching for Asheville Highlanders : RHP Ernesto López
Batting: LHB Connor Petty 0-0: Ball
1-0: Foul Ball, location: 2F
1-1: Ball
2-1: Ball
3-1: Base on Balls
Batting: SHB José Pinto 0-0: Foul Ball, location: 2F
0-1: Ball
1-1: Swinging Strike
1-2: Ball
2-2: Fly out, F9 (Flyball, 89S)
Batting: LHB Ken Gill 0-0: Ball
1-0: Called Strike
1-1: Swinging Strike
Connor Petty is caught stealing 2nd base
1-2: Ball
2-2: Ball
3-2: Foul Ball, location: 2F
3-2: Base on Balls
Batting: RHB Min-gook Ch'oe 0-0: Swinging Strike
0-1: Ball
1-1: Ball
2-1: Swinging Strike
2-2: Foul Ball, location: 2F
2-2: Fly out, F9 (Line Drive, 9S)
Bottom of the 5th over - 0 runs, 0 hits, 0 errors, 1 left on base; Asheville 2 - Belvedere Park 2
TOP OF THE 6TH
Asheville Highlanders batting - Pitching for Belvedere Park Rawhides : RHP Santiago Ramírez
Batting: RHB Javier Cordero 0-0: Swinging Strike
0-1: Ball
1-1: Ball
2-1: Foul Ball, location: 2F
2-2: Ground out 6-3 (Groundball, 6S)
Batting: LHB DeMarvion Overshown 0-0: Foul Ball, location: 2F
0-1: Ball
1-1: Foul Ball, location: 2F
1-2: Foul Ball, location: 2F
1-2: Ball
2-2: Ball
3-2: Fly out, F7 (Flyball, 7S)
Batting: LHB Johnny Carter 0-0: Ball
1-0: Foul Ball, location: 2F
1-1: Swinging Strike
1-2: DOUBLE (Flyball, 8LXD)
Batting: RHB Tae-gyoon Ch'oe 0-0: Ball
1-0: Ball
2-0: Ball
3-0: Called Strike
3-1: Called Strike
3-2: Strikes out looking
Top of the 6th over - 0 runs, 1 hit, 0 errors, 1 left on base; Asheville 2 - Belvedere Park 2
BOTTOM OF THE 6TH
Belvedere Park Rawhides batting - Pitching for Asheville Highlanders : RHP Ernesto López
Batting: RHB Domingo Trujillo 0-0: Ball
1-0: Foul Ball, location: 2F
1-1: Called Strike
1-2: Foul Ball, location: 2F
1-2: Ball
2-2: Foul Ball, location: 2F
2-2: Ground out 6-3 (Groundball, 6S)
Batting: RHB Pat Lloyd 0-0: DOUBLE (Line Drive, 8LXD)
Batting: RHB Hang-ki Chung 0-0: Ball
1-0: Called Strike
1-1: Fly out, F7 (Flyball, 7)
Batting: RHB Pat Sizemore 0-0: Fly out, F4 (Line Drive, 4M)
Bottom of the 6th over - 0 runs, 1 hit, 0 errors, 1 left on base; Asheville 2 - Belvedere Park 2
TOP OF THE 7TH
Asheville Highlanders batting - Pitching for Belvedere Park Rawhides : RHP Santiago Ramírez
Pitching: LHP Bettino Banditelli
Batting: RHB Yoshihiro Iwasaki 0-0: Ball
1-0: Ball
2-0: Foul Ball, location: 2F
2-1: Fly out, F7 (Flyball, 78M)
Batting: SHB Jeff Lowe 0-0: Called Strike
0-1: Ball
1-1: Called Strike
1-2: Foul Ball, location: 2F
1-2: SOLO HOME RUN (Flyball, 7D), Distance : 406 ft
Batting: RHB Shane Seim 0-0: Foul Ball, location: 2F
0-1: Ball
1-1: Foul Ball, location: 2F
1-2: Ball
2-2: Foul Ball, location: 2F
2-2: Ground out 5-3 (Groundball, 56S)
Batting: RHB José Palma 0-0: Ball
1-0: Ground out 4-3 (Groundball, 34)
Top of the 7th over - 1 run, 1 hit, 0 errors, 0 left on base; Asheville 3 - Belvedere Park 2
BOTTOM OF THE 7TH
Belvedere Park Rawhides batting - Pitching for Asheville Highlanders : RHP Ernesto López
Batting: RHB Mike Printup 0-0: Ball
1-0: Foul Ball, location: 2F
1-1: Ball
2-1: Foul Ball, location: 2F
2-2: Ground out 4-3 (Groundball, 4)
Batting: LHB Connor Petty 0-0: Called Strike
0-1: Fly out, F8 (Flyball, 8LM)
Batting: SHB José Pinto 0-0: Ball
1-0: Called Strike
1-1: Ball
2-1: Ball
3-1: Swinging Strike
3-2: Base on Balls
Pitching: LHP Clyde Bavin
Pinch Hitting: RHB David Martínez 0-0: Ball
1-0: Ground out 4-3 (Groundball, 4)
Bottom of the 7th over - 0 runs, 0 hits, 0 errors, 1 left on base; Asheville 3 - Belvedere Park 2
TOP OF THE 8TH
Asheville Highlanders batting - Pitching for Belvedere Park Rawhides : LHP Bettino Banditelli
Now in RF: Woodrow McGuire
Batting: LHB King Rutledge 0-0: Ball
1-0: SINGLE (Line Drive, 6MD)
Batting: RHB Javier Cordero 0-0: Sac Bunt - play at first, batter OUT! 3-4
King Rutledge to second
Batting: LHB DeMarvion Overshown 0-0: Intentional Walk
Pinch Hitting: RHB Harley Whitfield 0-0: Ball
1-0: Called Strike
1-1: Ball
2-1: Fly out, F3 (Popup, 3SF)
Batting: RHB Tae-gyoon Ch'oe 0-0: Called Strike
0-1: Ball
1-1: Ball
2-1: Foul Ball, location: 2F
2-2: Ball
3-2: Foul Ball, location: 2F
3-2: Base on Balls
King Rutledge to third
DeMarvion Overshown to second
Batting: RHB Yoshihiro Iwasaki 0-0: Ball
Wild Pitch!
King Rutledge scores
DeMarvion Overshown to third
Tae-gyoon Ch'oe to second
1-0: Swinging Strike
1-1: Foul Ball, location: 2F
1-2: Strikes out looking
Top of the 8th over - 1 run, 1 hit, 0 errors, 2 left on base; Asheville 4 - Belvedere Park 2
BOTTOM OF THE 8TH
Belvedere Park Rawhides batting - Pitching for Asheville Highlanders : LHP Clyde Bavin
Now in LF: Harley Whitfield
Batting: RHB Min-gook Ch'oe 0-0: Ball
1-0: Ground out 6-3 (Groundball, 6S)
Batting: RHB Domingo Trujillo 0-0: Ball
1-0: Ball
2-0: Fly out, F7 (Flyball, 7S)
Batting: RHB Pat Lloyd 0-0: Ball
1-0: Ground out 5-3 (Groundball, 56)
Bottom of the 8th over - 0 runs, 0 hits, 0 errors, 0 left on base; Asheville 4 - Belvedere Park 2
TOP OF THE 9TH
Asheville Highlanders batting - Pitching for Belvedere Park Rawhides : LHP Bettino Banditelli
Pitching: RHP Ron Pomar
Batting: SHB Jeff Lowe 0-0: Ball
1-0: Ball
2-0: Swinging Strike
2-1: Foul Ball, location: 2F
2-2: Foul Ball, location: 2F
2-2: Strikes out swinging
Batting: RHB Shane Seim 0-0: Ball
1-0: Ball
2-0: Ground out 6-3 (Groundball, 56)
Batting: RHB José Palma 0-0: Ground out 1-3 (Groundball, 13)
Top of the 9th over - 0 runs, 0 hits, 0 errors, 0 left on base; Asheville 4 - Belvedere Park 2
BOTTOM OF THE 9TH
Belvedere Park Rawhides batting - Pitching for Asheville Highlanders : LHP Clyde Bavin
Pitching: RHP José Rosales
Batting: RHB Hang-ki Chung 0-0: Ground out 5-3 (Groundball, 56)
Batting: RHB Pat Sizemore 0-0: Ball
1-0: SINGLE (Flyball, 89S)
Batting: RHB Mike Printup 0-0: Ball
1-0: Called Strike
1-1: Ball
2-1: SINGLE (Line Drive, 34)
Pat Sizemore to second
Batting: LHB Connor Petty 0-0: Called Strike
Pat Sizemore steals 3rd base
Mike Printup to second
0-1: Ball
1-1: Called Strike
1-2: Ball
2-2: Ball
3-2: Foul Ball, location: 2F
3-2: Base on Balls
Batting: SHB José Pinto 0-0: Called Strike
0-1: Foul Ball, location: 2F
0-2: Foul Ball, location: 2F
0-2: Grounds into fielders choice 4-2 (Groundball, 4)
Mike Printup to third
Connor Petty to second
Batting: RHB Woodrow McGuire 0-0: Called Strike
0-1: Called Strike
0-2: Foul Ball, location: 2F
0-2: Ball
1-2: Ball
2-2: Foul Ball, location: 2F
2-2: Strikes out swinging
Bottom of the 9th over - 0 runs, 2 hits, 0 errors, 3 left on base; Asheville 4 - Belvedere Park 2
Friday, March 29th, 2019 - OOTP Baseball 18.8 Build 76